 Dungeon Crawl Stone Soup version 0.26.0-7-g794d0892b4 (webtiles) character file.

Game seed: 3836602968828159455

26 jackrogers the Cutter (level 3, 0/23 HPs)
             Began as a Kobold Monk on Jan 12, 2021.
             Slain by a kobold
             ... wielding a +1 dagger of electrocution
              (16 damage)
             ... on level 1 of the Dungeon.
             The game lasted 00:00:45 (982 turns).

jackrogers the Cutter (Kobold Monk)                  Turns: 982, Time: 00:00:45

Health: 0/23       AC:  2    Str:  9    XL:     3   Next: 22%
Magic:  3/3        EV: 16    Int: 11    God:
Gold:   31         SH:  0    Dex: 17    Spells: 2/2 levels left

rFire    . . .     SeeInvis .   a - +0 short sword
rCold    . . .     Faith    .   (shield restricted)
rNeg     . . .     Spirit   .   b - +0 robe
rPois    .         Reflect  .   (no helmet)
rElec    .         Harm     .   (no cloak)
rCorr    .         Rampage  .   (no gloves)
Will     .....                  (no boots)
Stlth    +++.......             (no amulet)
HPRegen  0.07/turn              (no ring)
MPRegen  0.08/turn              (no ring)

@: no status effects
A: small, nightstalker 3
a: no special abilities


You were on level 1 of the Dungeon.
You visited 1 branch of the dungeon, and saw 1 of its levels.

You collected 31 gold pieces.

Inventory:

Hand Weapons
 a - a +0 short sword (weapon)
Armour
 b - a +0 robe (worn)
Jewellery
 f - a cursed amulet of guardian spirit {unknown}
   (You found it on level 1 of the Dungeon)
Scrolls
 c - 2 scrolls of noise {unknown}
 d - a scroll of teleportation {unknown}
 g - 3 scrolls of identify {unknown}
Potions
 e - 2 potions of mutation {unknown}


   Skills:
 - Level 3.2 Fighting
 + Level 5.5 Short Blades
 - Level 3.6 Dodging
 - Level 2.6 Stealth


You had 2 spell levels left.
You didn't know any spells.
Your spell library was empty.

Dungeon Overview and Level Annotations

Branches:
Dungeon (1/15)

Altars:


Innate Abilities, Weirdness & Mutations

You are small and have problems with some larger weapons.
You are completely attuned to the shadows.


Message History

You hit the hobgoblin. You barely miss the hobgoblin.
The hobgoblin hits you with a +0 club.
You hit the hobgoblin but do no damage. The hobgoblin completely misses you.
You hit the hobgoblin.
You kill the hobgoblin!
You see here a +0 club.
A leopard gecko comes into view.
A leopard gecko is nearby!
A leopard gecko is nearby!
The leopard gecko hisses angrily.
The leopard gecko closely misses you.
You hit the leopard gecko.
The leopard gecko hisses menacingly.
The leopard gecko closely misses you.
You hit the leopard gecko but do no damage.
The leopard gecko bites you.
* * * LOW HITPOINT WARNING * * *
You hit the leopard gecko.
You kill the leopard gecko!
You have reached level 3!
Your experience leads to an increase in your attributes!
Increase (s)trength, (i)ntelligence, or (d)exterity?
You feel stronger.
You start resting.
You open the door.
A dart slug comes into view.
There is an open door here.
A dart slug is nearby!
A dart slug is nearby!
A dart slug is nearby!
The helpless dart slug fails to defend itself.
You puncture the dart slug!
You kill the dart slug!
No target in view!
No target in view!
Found a stone staircase leading down.
You see here a dart slug corpse.
A bat comes into view.
A bat is nearby!
A bat is nearby!
A bat is nearby!
The bat misses you.
You barely miss the bat. The bat hits you but does no damage. x2
The bat hits you but does no damage. The bat barely misses you.
The bat misses you. The bat closely misses you.
You barely miss the bat. The bat misses you.
You hit the bat. The bat closely misses you.
You closely miss the bat. The bat closely misses you.
You hit the bat. The bat closely misses you. The bat misses you.
You closely miss the bat. The bat closely misses you.
The bat hits you but does no damage.
You barely miss the bat. The bat misses you. The bat completely misses you.
You hit the bat but do no damage. The bat closely misses you.
You hit the bat but do no damage. The bat misses you.
You hit the bat.
You kill the bat!
No target in view!
No target in view!
No target in view!
No target in view!
No target in view!
No target in view!
You open the door.
There is an open door here.
g - 3 scrolls labelled YMEPHIE ORIUPP (gained 1)
c - 2 scrolls labelled BIHY ZEZECWEO (gained 1)
Found a stone staircase leading down.
A leopard gecko comes into view.
A leopard gecko is nearby!
A leopard gecko is nearby!
A leopard gecko is nearby!
The leopard gecko hisses angrily.
You hear a shout!
A goblin comes into view.
You hear a shout!
You hear a bark!
You hear a shout!
A kobold comes into view.
It is wielding a +1 dagger of electrocution.
You hear a bark!
The leopard gecko completely misses you.
The kobold throws a stone.
The stone misses you.
You hear a bark!
You closely miss the leopard gecko. The leopard gecko misses you.
You hit the leopard gecko.
The leopard gecko bites you but does no damage.
You hit the leopard gecko.
You kill the leopard gecko!
The goblin barely misses you.
A goblin comes into view.
You barely miss the goblin. The goblin hits you.
You completely miss the kobold. The goblin hits you.
The kobold completely misses you.
You miss the kobold. The goblin barely misses you.
You closely miss the kobold.
The kobold hits you with a +1 dagger of electrocution.
You barely miss the kobold. The goblin closely misses you.
The goblin barely misses you. The kobold hits you but does no damage.
You are electrocuted!
Ouch! That really hurt!
You die...

##.........
####.##### ##'##
##...## ##.....##
..... ##.......##
##...#
##.........####....##
.'.........+....K....
##.........###..@....
###.......###...gg...
##.....###.........
##...###..........
##+## ##......... #
##...## #. ##.##
###.#######.#
.>......##.#


You could see 2 goblins and a kobold.

Vanquished Creatures
  2 dart slugs (D:1)
  3 leopard geckos (D:1)
  3 bats (D:1)
  2 giant cockroaches (D:1)
  A goblin (D:1)
  2 hobgoblins (D:1)
  A ball python (D:1)
  2 frilled lizards (D:1)
  4 rats (D:1)
20 creatures vanquished.

Notes
Turn   | Place    | Note
-------+----------+-------------------------------------------
     0 | D:1      | jackrogers the Kobold Monk began the quest for the Orb.
     0 | D:1      | Reached XP level 1. HP: 14/14 MP: 1/1
   196 | D:1      | Reached XP level 2. HP: 19/19 MP: 2/2
   346 | D:1      | Reached skill level 5 in Short Blades
   591 | D:1      | HP: 3/19 [leopard gecko (4)]
   593 | D:1      | Reached XP level 3. HP: 4/23 MP: 3/3
   982 | D:1      | Slain by a kobold

Illustrated notes

Levels and vault maps discovered:
D:1:      eino_arrival_water_star, layout_loops_corners, minmay_misc_feat_alley

Skill      XL: |  1  2 |
---------------+-------+-----
Short Blades   | 5 |  5.5
Fighting       | |  3.2
Dodging        | |  3.6
Stealth        | |  2.6

Action                   || total
-------------------------++-------
Melee: Short sword       ||    66
 Stab: Sleeping          ||     8
Armor: Robe              ||    10
Dodge: Dodged            ||    40

Table legend: (Time is in decaauts)
 A = Elapsed time spent in this place.
 B = Non-inter-level travel time spent in this place.
 C = Inter-level travel time spent in this place.
 D = Time resting spent in this place.
 E = Time spent auto-exploring this place.
 F = Levels seen in this place.
 G = Mean time per level.
                   A        B        C        D        E       F      G
               +--------+--------+--------+--------+--------+-----+--------+
         Total |    972 |    972 |      0 |    266 |    583 |   1 |  972.0 |
       Dungeon |    972 |    972 |      0 |    266 |    583 |   1 |  972.0 |
               +--------+--------+--------+--------+--------+-----+--------+

Top non-repeatable levels by time:
     D:1: 972 daAuts

Table legend:
 A = Kills in this place as a percentage of kills in entire the game.
 B = Kills by you in this place as a percentage of kills by you in the entire game.
 C = Kills by friends in this place as a percentage of kills by friends in the entire game.
 D = Other kills in this place as a percentage of other kills in the entire game.
 E = Experience gained in this place as a percentage of experience gained in the entire game.
 F = Experience gained in this place divided by the number of levels of this place that you have seen.
                   A       B       C       D       E      F
               +-------+-------+-------+-------+-------+----------------------
         Total | 100.0 | 100.0 |   N/A |   N/A | 100.0 |  38.0
       Dungeon | 100.0 | 100.0 |   N/A |   N/A | 100.0 |  38.0
               +-------+-------+-------+-------+-------+----------------------
